 Dungeon Crawl Stone Soup version 0.20-a0-317-gc038824 (webtiles) character file.

4656 GordonOverkill the Cleaver (level 10, -1/132 HPs)
             Began as a Minotaur Berserker on Dec 21, 2016.
             Was a High Priest of Trog.
             Slain by an eight-headed hydra (7 damage)
             ... on level 8 of the Dungeon.
             The game lasted 00:14:22 (6670 turns).

GordonOverkill the Cleaver (Minotaur Berserker)     Turns: 6670, Time: 00:14:22

Health: -1/132     AC: 14    Str: 27    XL:     10   Next: 20%
Magic:  9/9        EV:  9    Int:  4    God:    Trog [*****.]
Gold:   117        SH:  0    Dex: 13    Spells: 9/9 levels left

rFire  . . .     SeeInvis .     z - +4 battleaxe
rCold  . . .     Gourm    .     w - +0 chain mail
rNeg   . . .     Faith    .     (shield currently unavailable)
rPois  .         Spirit   .     (helmet restricted)
rElec  .         Reflect  .     (no cloak)
rCorr  .         Harm     .     (no gloves)
MR     .....                    a - +2 pair of boots {Stlth+}
Stlth  ..........               (no amulet)
                                (no ring)
                                (no ring)

@: berserking, very slightly contaminated, very quick
A: retaliatory headbutt, horns 2
a: Berserk, Trog's Hand, Brothers in Arms, Burn Spellbooks, Renounce Religion


You were on level 8 of the Dungeon.
You worshipped Trog.
Trog was extremely pleased with you.
You were very hungry.

You visited 1 branch of the dungeon, and saw 7 of its levels.

You collected 358 gold pieces.
You spent 241 gold pieces at shops.

Inventory:

Hand Weapons
 u - a +0 broad axe
 x - a +2 mace of draining
 z - a +4 battleaxe (weapon)
Armour
 a - a +2 pair of boots of stealth (worn)
 w - a +0 chain mail (worn)
 y - a +0 cloak
Jewellery
 s - an uncursed ring of fire
Scrolls
 i - 2 scrolls of recharging
 l - 5 scrolls of remove curse
 m - a scroll of teleportation
 n - a scroll of blinking
 t - 5 scrolls of identify
 v - a scroll of immolation {unknown}
Potions
 b - 2 potions of degeneration
 e - a potion of mutation {unknown}
 f - a potion of haste {unknown}
 j - 2 potions of brilliance {unknown}
 o - 4 potions of heal wounds {unknown}
 q - a potion of cure mutation {unknown}
Comestibles
 c - 5 bread rations
 d - 5 fruits
 g - 9 chunks of flesh
 h - a meat ration


   Skills:
 - Level 8.1 Fighting
 * Level 14.3 Axes
 - Level 7.6 Armour
 - Level 2.1 Dodging


You had 9 spell levels left.
You didn't know any spells.

Dungeon Overview and Level Annotations

Branches:
Dungeon (6/15)             Temple (0/1) D:6

Altars:
Okawaru
Yredelemnul
The Shining One

Shops:
D:6 [   D:8 =


Innate Abilities, Weirdness & Mutations

You reflexively headbutt those who attack you in melee.
You have a pair of horns on your head.


Message History

The seven-headed hydra bites you but does no damage. x2
An ice beast comes into view.
Unknown command.
Your chain mail prevents you from hitting the seven-headed hydra.
The seven-headed hydra is severely wounded.
Your chain mail prevents you from hitting the two-headed ogre.
The two-headed ogre hits you with a giant spiked club!!
* * * LOW HITPOINT WARNING * * *
The two-headed ogre barely misses you.
A crimson imp comes into view.
The crimson imp shouts!
Unknown command.
You slice one of the seven-headed hydra's heads off!
The six-headed hydra grows two more!
You slice the eight-headed hydra!! You headbutt the eight-headed hydra!
The eight-headed hydra is almost dead.
You completely miss the two-headed ogre.
The eight-headed hydra barely misses you.
The eight-headed hydra bites you!
You die...

..# ..#
..# #.#
#.# #.#
#.# ###
#.# #D#
#.# #@#
#.#
.....Y.O#
#.#
#.##5##?#
#.# # ###
#.# #)# #
#)##.##.##
#.'.......
..##.##.##


You could see an eight-headed hydra, a two-headed ogre, an ice beast and a
crimson imp.

Vanquished Creatures
  2 two-headed ogres (D:8)
  The ghost of GordonOverkill the Destroyer, a novice DECj of Vehumet (D:8)
  The ghost of Banto the Cudgeler, an amateur HuSk (D:4)
  Grinder (D:3)
  A hippogriff (D:8)
  A wyvern (D:8)
  Edmund (D:5)
  A sky beast (D:5)
  An orc warrior (D:5)
  2 ice beasts
  An ogre (D:5)
  A phantom (D:5)
  The ghost of Orange the Chopper, an amateur FoBe of Trog (D:3)
  2 centaurs
  2 bullfrogs (D:8)
  5 wights (D:5)
  2 crimson imps
  2 centaur zombies
  2 quasits
  2 orc priests
  Crazy Yiuf (D:5)
  3 hounds (D:5)
  A jelly (D:5)
  6 orc wizards
  A bullfrog skeleton (D:4)
  4 iguanas
  3 worker ants
  2 hound skeletons
  8 adders
  8 river rats (D:5)
  2 shadow imps (D:5)
  An ooze (D:2)
  An adder zombie (D:5)
  6 worms
  3 dart slugs
  4 leopard geckos
  20 orcs
  3 ball pythons
  4 giant cockroaches
  2 goblins
  5 hobgoblins
  10 quokkas
  10 bats
  7 frilled lizards
  8 kobolds
  A leopard gecko zombie (D:5)
  20 rats
  2 fungi (D:5)
178 creatures vanquished.

Notes
Turn   | Place    | Note
-------+----------+-------------------------------------------
     0 | D:1      | GordonOverkill the Minotaur Berserker began the quest for the Orb.
     0 | D:1      | Reached XP level 1. HP: 19/19 MP: 0/0
   255 | D:1      | Reached skill level 4 in Axes
   332 | D:1      | Reached XP level 2. HP: 27/27 MP: 1/1
   927 | D:2      | Reached XP level 3. HP: 30/33 MP: 2/2
   937 | D:2      | Reached ** piety under Trog
  1360 | D:2      | Reached skill level 5 in Axes
  1492 | D:2      | Reached XP level 4. HP: 39/40 MP: 3/3
  1538 | D:2      | Found a basalt altar of Yredelemnul.
  1905 | D:3      | Found a glowing golden altar of the Shining One.
  2137 | D:3      | Noticed Orange's ghost (amateur FoBe)
  2144 | D:3      | Killed Orange's ghost
  2144 | D:3      | Reached XP level 5. HP: 47/47 MP: 4/4
  2283 | D:3      | Found an iron altar of Okawaru.
  2343 | D:3      | Noticed Grinder
  2358 | D:3      | Killed Grinder
  2358 | D:3      | Reached skill level 5 in Fighting
  2358 | D:3      | Reached skill level 6 in Axes
  2358 | D:3      | Reached XP level 6. HP: 56/56 MP: 5/5
  2435 | D:3      | Reached skill level 7 in Axes
  2453 | D:3      | Reached skill level 5 in Armour
  2503 | D:3      | Reached XP level 7. HP: 60/61 MP: 6/6
  2957 | D:4      | Reached *** piety under Trog
  3338 | D:4      | Reached skill level 8 in Axes
  3529 | D:4      | Noticed Banto's ghost (amateur HuSk)
  3539 | D:4      | Killed Banto's ghost
  4077 | D:5      | Entered Level 5 of the Dungeon
  4095 | D:5      | Reached XP level 8. HP: 50/71 MP: 7/7
  4272 | D:5      | Reached skill level 9 in Axes
  4468 | D:5      | Reached **** piety under Trog
  5063 | D:5      | Noticed Edmund
  5074 | D:5      | Killed Edmund
  5074 | D:5      | Reached skill level 10 in Axes
  5441 | D:5      | Reached XP level 9. HP: 53/81 MP: 8/8
  6174 | D:5      | Found a runed door.
  6178 | D:5      | Noticed Crazy Yiuf
  6181 | D:5      | Killed Crazy Yiuf
  6258 | D:6      | Reached skill level 11 in Axes
  6266 | D:6      | Found Plog's Antique Armour Emporium.
  6272 | D:6      | Bought a pair of glowing boots for 241 gold pieces
  6328 | D:6      | You fall through a shaft for 2 floors!
  6340 | D:8      | Noticed a two-headed ogre
  6346 | D:8      | Killed a two-headed ogre
  6346 | D:8      | Reached skill level 12 in Axes
  6402 | D:8      | Noticed a two-headed ogre
  6410 | D:8      | Killed a two-headed ogre
  6410 | D:8      | Reached skill level 13 in Axes
  6485 | D:8      | Noticed GordonOverkill's ghost (novice DECj)
  6487 | D:8      | Reached XP level 10. HP: 54/88 MP: 9/9
  6508 | D:8      | Killed GordonOverkill's ghost
  6508 | D:8      | Reached skill level 14 in Axes
  6643 | D:8      | Found Beggooh's Jewellery Emporium.
  6650 | D:8      | Reached ***** piety under Trog
  6665 | D:8      | Noticed a two-headed ogre
  6666 | D:8      | Noticed a five-headed hydra
  6669 | D:8      | HP: 6/132 [two-headed ogre/giant spiked club (26)]
  6670 | D:8      | Slain by an eight-headed hydra

Vault maps used:
D:1:      minmay_arrival_loop
D:2:      nicolae_overflow_hidden_temple, grunt_decor_clamped
D:3:      lemuel_crystal_altar, minmay_crystal_room,
          nicolae_tso_carved_into_rock, uniq_grinder
D:5:      lemuel_ratsnest, first_bread, uniq_crazy_yiuf_cottage, uniq_edmund
D:6:      lemuel_crystal_altar, nicolae_ossuary_entry_plus, serial_shops,
          nicolae_shop_stone, minmay_stone_trees_medium,
          kennysheep_generic_room_4
D:8:      hangedman_cross_veins, makhleb_heckhound_becter,
          lightli_temple_of_fire, enter_bailey_2, serial_shops, shop_statue,
          hangedman_little_slice_of_home, minmay_door_square, roderic_whirl

Skill      XL: |  1  2  3  4  5  6  7  8  9 10 |
---------------+-------------------------------+-----
Axes           | 4 5 6 7 8 10 13 14 | 14.3
Armour         | 3 4 5 6 7 |  7.6
Fighting       | 4 5 6 8 |  8.1
Dodging        | |  2.1

Action                   |  1- 3 |  4- 6 |  7- 9 | 10-12 || total
-------------------------+-------+-------+-------+-------++-------
Melee: Hand axe          |    73 |    73 |   211 |       ||   357
       Headbutt          |    14 |    19 |    60 |     6 ||    99
       Broad axe         |       |       |    50 |       ||    50
       Battleaxe         |       |       |    56 |    28 ||    84
Invok: Berserk           |       |     4 |     9 |     1 ||    14
       Trog's Hand       |       |     3 |     2 |       ||     5
       Burn Spellbooks   |       |     2 |       |       ||     2
  Use: Scroll            |       |       |     4 |     6 ||    10
 Stab: Sleeping          |     1 |       |       |       ||     1
  Eat: Chunk             |     1 |     9 |    17 |     2 ||    29
       Pizza             |       |       |     1 |       ||     1
       Beef jerky        |       |       |     1 |       ||     1
Armor: Animal skin       |     7 |       |       |       ||     7
       Scale mail        |       |    30 |    43 |       ||    73
       Chain mail        |       |       |    81 |    35 ||   116
Dodge: Dodged            |    49 |    34 |   134 |    12 ||   229
